Unix NetHack Version 3.7.0-73 Work-in-progress - last build Feb 17 2023 02:16:44 (48fe2e8c4a70f1d2d5b622443eb9b5bc1b8d05f7,branch:master). Game began 2023-02-22 17:54:26, ended 2023-02-22 18:06:19. Gandelf, neutral male human Monk ------ ------ |.<...# .....| ------- |....|## #|.....######|.^...| |....|0###|....| #|.....| |....|## |.._.+ #|.....| +....| |....| ##......| |....| |....| #|.....| ------ --.--- --|---- ## ### ## ## # ### -@- khk| .....| ..\....+ --------- Gandelf the Novice St:15 Dx:15 Co:12 In:12 Wi:14 Ch:9 Neutral S:1105 Dlvl:6 $:51 HP:0(39) Pw:30(30) AC:4 Xp:5/201 T:2364 Overtaxed Latest messages: The kobold picks up an orcish helm. The gnome queen wields a crossbow! The crossbow welds itself to the gnome queen's hand! You hit the gnome lady! You hit the gnome lady! The gnome lady hits! You kill the gnome lady! You hit the bugbear! You hit the bugbear! The bugbear hits! You hit the bugbear! You kill the bugbear! Welcome to experience level 5. You feel stealthy! You kill the kobold! The gnome picks up an orcish helm. You hit the gnome! The gnome swings his bow. The gnome hits! You kill the gnome! The bugbear picks up a bow. You hit the bugbear! The bugbear misses! You kill the bugbear! There is a doorway here. There are several objects here. The hobgoblin hits! You kill the hobgoblin! The gnome queen tries to wield a mace. The gnome queen's crossbow is welded to her hand! You have extreme difficulty lifting a bugbear corpse. Continue? [ynq] (q) y U - a bugbear corpse. You can barely move a handspan with this load! The large kobold picks up an orcish helm. You hear a crunching sound. The large kobold hits! The large kobold misses! The large kobold hits! The gnome queen shoots 2 crossbow bolts! The 1st crossbow bolt hits the large kobold! The large kobold is killed! You are hit by the 2nd crossbow bolt. The bugbear picks up a crossbow bolt. The bugbear hits! You don't have enough stamina to move. The bugbear just misses! The bugbear hits! The large kobold hits! You die... Do you want your possessions identified? [ynq] (y) q Inventory: Coins $ - 51 gold pieces Weapons G - 5 +0 crossbow bolts H - a +0 crossbow w - 7 +0 darts R - 8 cursed +0 shuriken Armor A - an uncursed +0 pair of gauntlets of dexterity a - an uncursed +2 pair of leather gloves (being worn) M - an uncursed +0 dwarvish cloak b - an uncursed +1 robe (being worn) Comestibles h - 6 uncursed apples g - 4 uncursed food rations r - an uncursed food ration j - 3 uncursed fortune cookies i - 6 uncursed oranges E - an uncursed sprig of wolfsbane o - an uncursed egg U - an uncursed bugbear corpse Scrolls L - a cursed scroll of amnesia z - a cursed scroll of confuse monster S - an uncursed scroll of enchant armor d - an uncursed scroll of remove curse C - an uncursed scroll of stinking cloud Spellbooks c - a blessed spellbook of healing Potions P - an uncursed potion of gain ability f - a blessed potion of healing y - an uncursed potion of healing e - 2 uncursed diluted potions of healing n - an uncursed potion of object detection v - a potion of holy water Wands u - a wand of opening (0:5) q - a wand of secret door detection (0:11) Tools l - an uncursed blindfold N - a +0 pick-axe Gems/Stones t - an uncursed amethyst stone I - an uncursed citrine stone B - an uncursed worthless piece of black glass F - an uncursed worthless piece of yellowish brown glass p - an uncursed touchstone Gandelf the Monk's attributes: Background: You were a Novice, a level 5 male human Monk. You were neutral, on a mission for Chih Sung-tzu who was opposed by Shan Lai Ching (lawful) and Huan Ti (chaotic). You were in the Dungeons of Doom, on level 6. You entered the dungeon 2364 turns ago. There was a new moon in effect when your adventure ended. You had 201 experience points, 119 more were needed to attain level 6. Your score was 1105 before end-of-game adjustments. Basics: You had 0 out of 39 hit points. You had all 30 energy points (spell power). Your armor class was 4. Your wallet contained 51 zorkmids. Autopickup was on for '$?!+/=' plus thrown. Final Characteristics: Your strength was 15 (limit:18/100). Your dexterity was 15 (limit:18). Your constitution was 12 (limit:18). Your intelligence was 12 (limit:18). Your wisdom was 14 (limit:18). Your charisma was 9 (limit:18). Final Status: You were not hungry. You were overtaxed; movement was extremely slowed. You were empty handed. You had basic skill with martial arts. Final Attributes: You were piously aligned. You were sleep resistant. You were poison resistant. You saw invisible. You were stealthy. You were guarded. You were fast. You were unlucky. You are dead. Miscellaneous: You never encountered a bones level. Total elapsed playing time was 11 minutes and 52 seconds. Major events: Turn 1: Gandelf the neutral male human Monk entered the dungeon 1573: attained the rank of Novice (level 3) 2051: entered the Gnomish Mines 2364: killed by a large kobold Vanquished creatures: 2 bugbears a mountain nymph a shrieker a gnome leader a kobold mummy a dwarf 2 rothes 2 hobbits a large kobold 2 hobgoblins 2 cave spiders 2 yellow molds a red mold 4 gnomes 5 jackals a fox a kobold 3 goblins 3 grid bugs 2 kobold zombies 3 newts 41 creatures vanquished. No species were genocided or became extinct. Voluntary challenges: You followed a strict vegan diet. You never hit with a wielded weapon. You read items or engraved 3 times. You never engraved Elbereth. You never genocided any monsters. You never polymorphed an object. You never changed form. You used no wishes. Achievements: You entered a shop. You attained the rank of Novice. You entered the Gnomish Mines. The Dungeons of Doom: levels 1 to 6 Level 1: Level 2: A scroll shop, an altar. Level 3: Level 4: Stairs down to The Gnomish Mines. Level 5: Level 6: <- You were here. An altar, a throne. Final resting place for you, killed by a large kobold. The Gnomish Mines: Level 5: Game over: ---------- / \ / REST \ / IN \ / PEACE \ / \ | Gandelf | | 51 Au | | killed by a | | large kobold | | | | | | 2023 | *| * * * | * _________)/\\_//(\/(/\)/\//\/|_)_______ Goodbye Gandelf the Monk... You died in The Dungeons of Doom on dungeon level 6 with 1100 points, and 51 pieces of gold, after 2364 moves. You were level 5 with a maximum of 39 hit points when you died.